 Dungeon Crawl Stone Soup version 0.14.2-1-g46dc7f8a84 (webtiles) character file.

72 funkygono the Ruinous (level 3, -2/19 HPs)
             Began as a Deep Elf Conjurer on Aug 28, 2020.
             Killed from afar by Ijyb (7 damage)
             ... with a wand of frost
             ... on Level 2 of the Dungeon.
             The game lasted 00:03:56 (1341 turns).

funkygono the Ruinous (Deep Elf Conjurer)           Turns: 1341, Time: 00:03:56

HP  -2/19        AC  2     Str  5      XL: 3   Next: 44%
MP   1/11        EV 13     Int 20      God:
Gold 26          SH  0     Dex 15      Spells:  3 memorised,  2 levels left

rFire  . . .     SeeInvis .     e - +1,+0 dagger
rCold  . . .     Clarity  .     a - +0 robe
rNeg   . . .     Conserve .     (no shield)
rPois  .         rCorr    .     (no helmet)
rElec  .         rRot     .     (no cloak)
SustAb . .       Spirit   .     (no gloves)
rMut   .         Warding  .     (no boots)
Saprov . . .     Stasis   .     (no amulet)
MR     .....                    (no ring)
                                (no ring)

@: not resistant to hostile enchantments, fairly stealthy
A: no striking features
a: no special abilities


You were on level 2 of the Dungeon.
You were very hungry.

You visited 1 branch of the dungeon, and saw 2 of its levels.

You collected 26 gold pieces.

Inventory:

Hand weapons
 e - a +1,+0 dagger (weapon)
Armour
 a - a +0 robe (worn)
Comestibles
 b - 2 bread rations
 d - 8 strawberries
 f - a chunk of rat flesh
 g - a rotting chunk of goblin flesh
 h - 3 rotting chunks of hobgoblin flesh
 i - a chunk of bat flesh
 j - a chunk of giant newt flesh
 k - a chunk of giant newt flesh
 p - a meat ration
Scrolls
 s - a scroll of blinking
Books
 c - a book of Conjurations

   Spells                             Type                      Level
   *Magic Dart                        Conjuration                  1
   *Searing Ray                       Conjuration                  2
   *Dazzling Spray                    Conjuration/Hexes            3
   Fulminant Prism                    Conjuration/Hexes            4
   Iskenderun's Mystic Blast          Conjuration                  4
   Iskenderun's Battlesphere          Conjuration/Charms           5


   Skills:
 + Level 2.8 Dodging
 + Level 2.7 Stealth
 + Level 3.4 Spellcasting
 + Level 5.2 Conjurations


You had 2 spell levels left.
You knew the following spells:

 Your Spells              Type           Power        Failure   Level  Hunger
a - Magic Dart            Conj           ###.         1%          1    None
b - Searing Ray           Conj           ###...       2%          2    ##.....
c - Dazzling Spray        Conj/Hex       ##......     17%         3    ###....


Dungeon Overview and Level Annotations

Branches:
Dungeon (2/15)

Altars:

Annotations:
D:2 Ijyb


Message History

Press: ? - help, Shift-Dir - straight line, f/p - Ijyb
Aim: Ijyb, wielding a club and wearing a chain mail (heavily wounded, blind)
The magic dart hits Ijyb.
Ijyb is severely wounded.
Casting: Magic Dart
Confirm with . or Enter, or press ? or * to list all spells.
You don't have enough magic to cast that spell.
Unknown command.
Casting: Magic Dart
Confirm with . or Enter, or press ? or * to list all spells.
You don't have enough magic to cast that spell.
Unknown command.
Ijyb misses you.
You see here a twisted silver wand.
Ijyb is no longer blind.
Ijyb picks up a twisted silver wand.
Ijyb zaps a wand.
The puff of frost hits you!
* * * LOW HITPOINT WARNING * * *
Ijyb screams, "It's all mine!"
Ijyb zaps a wand.
The puff of frost hits you!
You die...

......###. #.......##....
..........####.......##....
.....####.............<... #
#............%......##....
##.##...................######
...................####.##
#.....%.......................
#..................###........
#####...g....@.....# #........
#..............# #........
#..%.....####.####........
########## #............
############


You could see Ijyb.

Vanquished Creatures
  An adder (D:2)
  6 bats
  4 giant cockroaches (D:1)
  2 goblins (D:1)
  6 hobgoblins
  2 kobolds (D:1)
  2 ball pythons (D:1)
  3 giant newts
  2 jackals (D:1)
  4 rats
32 creatures vanquished.

Notes
Turn   | Place    | Note
--------------------------------------------------------------
     0 | D:1      | funkygono, the Deep Elf Conjurer, began the quest for the Orb.
     0 | D:1      | Reached XP level 1. HP: 10/10 MP: 5/5
   234 | D:1      | Reached XP level 2. HP: 10/15 MP: 0/8
   306 | D:1      | Learned a level 2 spell: Searing Ray
   707 | D:1      | Reached skill level 5 in Conjurations
  1058 | D:1      | Reached XP level 3. HP: 19/19 MP: 8/11
  1158 | D:1      | Learned a level 3 spell: Dazzling Spray
  1326 | D:2      | Noticed Ijyb
  1341 | D:2      | Killed from afar by Ijyb

Action                   || total
-------------------------++-------
Melee: Dagger            ||     3
 Cast: Magic Dart        ||    62
       Searing Ray       ||     7
       Dazzling Spray    ||     1
  Use: Scroll            ||     4
